Map: Goldenaura LE

Players

llllllllllll

  • Race: Zerg Zerg
  • League: Master
  • Spawn Location: 5:00

Aqua - Winner!

  • Race: Protoss Protoss
  • Spawn Location: 12:00

VOD

Have the link to the VOD?

Description

Time

  • Played on: March 29, 2024, 9:55 p.m.
  • Length: 19:14
Show
View Real Time Build Order
Export as new Build Order

llllllllllll Zerg 

Build Orders: Hatch First 

Get SALT Encoding   

  12  0:00  Drone  
  13  0:12  Overlord  
  13  0:18  Drone  
  14  0:32  Drone x2  
  16  0:48  Hatchery  
  15  0:51  Drone  
  15  0:55  Drone  
  17  0:59  Drone  
  18  1:10  Extractor  
  17  1:14  Spawning Pool  
  17  1:17  Drone  
  17  1:22  Drone  
  18  1:27  Drone  
  19  1:38  Drone  
  20  1:49  Overlord  
  20  2:01  Queen x2  
  20  2:02  Zergling x4  
  26  2:15  Metabolic Boost  
  26  2:17  Drone x2  
  28  2:25  Drone x2  
  30  2:36  Hatchery  
  29  2:45  Drone  
  29  2:46  Queen  
  32  2:52  Overlord  
  32  2:56  Drone x2  
  34  3:03  Drone x2  
  35  3:07  Overlord  
  35  3:14  Drone x5  
  35  3:17  Drone  
  35  3:19  Drone  
  42  3:23  Drone x2  
  44  3:29  Spore Crawler  
  44  3:30  Queen  
  45  3:36  Drone x2  
  47  3:43  Drone  
  47  3:44  Queen  
  50  3:56  Drone x6  
  55  4:03  Drone x3  
  58  4:14  Hatchery  
  58  4:16  Drone  
  58  4:17  Overlord  
  58  4:18  Overlord  
  58  4:26  Lair  
  58  4:29  Overlord  
  58  4:31  Overlord  
  58  4:35  Queen x2  
  62  4:39  Drone x5  
  62  4:40  Drone x4  
  62  4:45  Extractor  
  70  4:52  Roach Warren  
  68  4:54  Evolution Chamber  
  68  4:55  Extractor  
  68  4:56  Extractor, Drone  
  68  4:57  Drone x4  
  68  4:59  Drone x2  
  72  5:00  Extractor  
  72  5:02  Drone x2  
  72  5:04  Extractor  
  72  5:11  Overlord  
  72  5:13  Overlord  
  72  5:26  Drone x2, Zerg Missile Weapons Level 1  
  72  5:27  Baneling Nest  
  73  5:29  Overlord x2  
  73  5:30  Overlord  
  73  5:34  Glial Reconstitution  
  73  5:36  Roach x2  
  73  5:37  Roach x2  
  81  5:44  Spore Crawler  
  81  5:47  Drone  
  81  5:48  Drone x7  
  81  5:49  Drone  
  89  5:51  Drone  
  83  6:11  Drone x2  
  83  6:12  Drone x10  
  83  6:16  Centrifugal Hooks  
  95  6:30  Roach x8  
  111  6:37  Ravager x4  
  115  6:43  Overlord x2  
  115  6:45  Drone x2  
  117  6:48  Zergling x8  
  117  6:49  Zergling x6  
  117  6:50  Ravager x3  
  117  6:54  Zergling x2  
  128  7:03  Zergling x4, Roach x2  
  128  7:04  Zergling x4, Roach x3  
  139  7:17  Zergling x14  
  139  7:21  Roach  
  142  7:29  Zerg Melee Weapons Level 1  
  142  7:32  Ravager x4  
  142  7:33  Zergling x2  
  142  7:34  Zergling x2  
  142  7:35  Overlord x8  
  142  7:37  Baneling  
  142  7:38  Baneling x10  
  142  7:43  Ravager  
  137  7:46  Zergling x12  
  137  7:47  Zergling x2  
  143  7:53  Evolution Chamber  
  143  7:54  Zergling x2, Infestation Pit  
  143  7:55  Zergling x6  
  142  7:59  Baneling x6  
  142  8:04  Zergling x14  
  140  8:08  Roach  
  140  8:09  Roach x2  
  140  8:12  Roach x5  
  155  8:19  Roach  
  148  8:23  Roach x3  
  148  8:26  Roach x4  
  159  8:32  Roach x3  
  159  8:33  Roach x2  
  159  8:38  Roach x3  
  159  8:39  Roach  
  159  8:40  Roach  
  160  8:43  Roach x3  
  160  8:44  Roach  
  159  8:50  Roach x2  
  159  8:55  Zergling x12  
  158  8:56  Zergling x4  
  158  9:00  Zergling x6, Ravager  
  158  9:01  Ravager x6  
  175  9:09  Drone x2  
  178  9:10  Drone  
  178  9:11  Roach  
  178  9:12  Zergling x6  
  178  9:16  Zergling x4  
  183  9:18  Extractor  
  183  9:19  Hatchery  
  183  9:21  Zergling x4, Extractor  
  183  9:23  Ravager  
  183  9:24  Ravager  
  182  9:27  Baneling  
  182  9:28  Baneling  
  182  9:29  Baneling x11  
  154  9:40  Zergling x8  
  154  9:41  Zergling x10  
  154  9:44  Zergling x14  
  153  9:51  Zergling x2  
  132  9:53  Zergling x2  
  120  10:00  Zergling x10  
  113  10:09  Roach x5  
  113  10:11  Hive  
  113  10:12  Zerg Melee Weapons Level 2, Zerg Missile Weapons Level 2  
  120  10:14  Baneling x11  
  120  10:24  Drone x3  
  120  10:26  Hatchery  
  120  10:27  Roach  
  120  10:28  Roach x5  
  134  10:37  Roach  
  134  10:38  Roach x5  
  143  10:49  Zergling x4  
  138  10:52  Ravager  
  138  10:54  Roach, Ravager x3  
  138  10:55  Ravager  
  138  10:56  Ravager x3  
  148  10:57  Zergling x2, Roach  
  148  10:58  Zergling x14  
  148  11:01  Drone x2  
  148  11:02  Drone x3  
  163  11:09  Zergling x6  
  166  11:14  Baneling x14  
  164  11:23  Baneling  
  164  11:24  Baneling x8  
  160  11:25  Zergling x2  
  160  11:26  Zergling x14  
  130  11:43  Zergling x2  
  130  11:44  Zergling x24  
  130  11:46  Drone x5  
  137  11:47  Drone  
  137  11:49  Queen  
  137  11:54  Drone x4  
  142  11:58  Viper  
  142  11:59  Viper  
  146  12:08  Adrenal Glands  
  145  12:11  Baneling x10  
  144  12:15  Drone x2  
  144  12:16  Drone x4  
  144  12:21  Spire  
  147  12:23  Queen  
  139  12:36  Drone x7  
  146  12:37  Extractor  
  146  12:38  Zergling x2, Extractor  
  146  12:39  Zergling x14  
  144  13:05  Hatchery  
  139  13:07  Roach x5  
  144  13:26  Baneling x4  
  144  13:30  Roach x3  
  144  13:31  Roach x2  
  154  13:35  Corruptor, Zerg Flyer Armor Level 1  
  154  13:36  Corruptor x7  
  154  13:40  Corruptor  
  171  13:43  Zerg Missile Weapons Level 3  
  171  13:47  Hatchery  
  169  13:48  Corruptor x2  
  162  14:16  Roach x5  
  162  14:17  Roach, Corruptor x4  
  161  14:21  Baneling  
  161  14:22  Baneling x15  
  161  14:24  Ravager x5  
  169  14:25  Zergling x2  
  169  14:26  Zergling x4  
  175  14:37  Corruptor x2  
  179  14:46  Roach x8  
  193  15:04  Roach  
  193  15:05  Roach x3  
  159  15:08  Roach x5  
  152  15:25  Corruptor, Hatchery  
  152  15:26  Corruptor x3  
  143  15:31  Corruptor x2  
  131  15:41  Corruptor x3  
  138  15:44  Corruptor  
  138  15:45  Corruptor x2  
  138  15:46  Drone  
  144  15:54  Zerg Flyer Armor Level 2  
  144  15:58  Extractor  
  144  15:59  Corruptor x2  
  147  16:08  Viper x2  
  149  16:15  Ravager  
  149  16:16  Ravager x2  
  149  16:18  Drone x3, Roach x2  
  154  16:19  Drone  
  154  16:20  Extractor  
  154  16:21  Extractor  
  154  16:22  Drone x3  
  159  16:28  Roach x4  
  159  16:29  Ravager x2  
  159  16:31  Ravager  
  170  16:39  Zergling x8  
  175  16:40  Zergling x6  
  175  16:42  Zergling x2  
  175  16:43  Zergling x4  
  178  16:51  Ravager  
  178  16:52  Roach x3  
  178  16:53  Roach  
  187  17:11  Corruptor x2  
  191  17:19  Baneling x3  
  191  17:20  Zergling x8, Baneling x7  
  191  17:21  Zergling x10  
  180  17:44  Roach x8  
  180  17:48  Ravager  
  175  17:59  Ravager x2  
  175  18:00  Ravager x3  
  175  18:01  Roach x8  
  190  18:10  Swarm Host  
  190  18:11  Roach x10  
  182  18:18  Corruptor  
  182  18:19  Corruptor  
  125  18:27  Roach x6  
  125  18:33  Ravager x3  
  125  18:34  Ravager x2  
  126  18:36  Corruptor  
Show
View Real Time Build Order
Export as new Build Order

Aqua Protoss - Winner!

Build Orders: 1 Gate Expand, Oracle Opening, Carriers 

Get SALT Encoding   

  12  0:00  Probe  
  13  0:12  Probe  
  14  0:19  Pylon  
  14  0:24  Probe  
  15  0:37  Probe (Chrono Boost)  
  15  0:39  Gateway  
  16  0:44  Assimilator  
  16  0:48  Probe (Chrono Boost)  
  17  0:53  Probe (Chrono Boost)  
  18  1:04  Probe  
  19  1:16  Probe  
  20  1:25  Nexus  
  20  1:35  Cybernetics Core  
  20  1:38  Probe  
  21  1:45  Assimilator  
  21  1:50  Probe  
  22  1:55  Pylon  
  22  2:02  Probe  
  23  2:13  Adept  
  23  2:14  Probe  
  26  2:17  Stargate  
  26  2:25  Warp Gate  
  26  2:26  Probe  
  27  2:39  Probe x2 (Chrono Boost)  
  27  2:43  Adept  
  31  2:49  Probe x2 (Chrono Boost)  
  33  2:56  Probe x2  
  35  3:01  Oracle (Chrono Boost)  
  38  3:13  Probe  
  38  3:14  Gateway  
  38  3:18  Pylon  
  39  3:25  Probe x2  
  41  3:31  Oracle  
  44  3:42  Shield Battery  
  44  3:43  Probe x2  
  46  3:55  Probe x2  
  48  4:04  Nexus  
  48  4:07  Pylon, Probe x2  
  48  4:08  Twilight Council  
  50  4:15  Assimilator  
  50  4:19  Assimilator  
  50  4:20  Probe x2  
  52  4:32  Probe x2  
  54  4:40  Oracle  
  54  4:43  Forge  
  54  4:45  Probe x2  
  59  4:48  Blink (Chrono Boost)  
  59  4:49  Gateway  
  59  4:50  Gateway  
  59  4:56  Pylon  
  59  4:57  Probe x2  
  61  5:03  Pylon  
  61  5:06  Gateway  
  61  5:08  Gateway  
  61  5:15  Protoss Ground Weapons Level 1 (Chrono Boost)  
  61  5:18  Probe x3 (Chrono Boost)  
  64  5:27  Probe (Chrono Boost)  
  64  5:28  Stalker x2, Probe x2 (Chrono Boost)  
  67  5:32  Probe x3 (Chrono Boost)  
  74  5:44  Probe x3  
  77  5:55  Stalker x2  
  77  5:56  Probe x3  
  81  6:08  Robotics Facility, Probe x3  
  81  6:09  Stalker x4  
  92  6:13  Assimilator  
  92  6:16  Pylon  
  92  6:20  Pylon  
  92  6:21  Assimilator  
  92  6:34  Oracle  
  92  6:35  Pylon  
  92  6:37  Pylon  
  92  6:38  Pylon  
  92  6:39  Nexus  
  95  6:41  Pylon  
  95  6:42  Pylon  
  95  6:47  Stalker x4  
  95  6:52  Gateway  
  95  6:54  Observer (Chrono Boost)  
  103  6:56  Gateway  
  104  7:01  Robotics Bay  
  104  7:20  Probe x2  
  105  7:25  Stalker  
  105  7:26  Stalker x5  
  112  7:31  Probe  
  112  7:32  Probe  
  112  7:33  Protoss Ground Weapons Level 2 (Chrono Boost), Probe  
  115  7:48  Photon Cannon  
  115  8:03  Sentry  
  115  8:04  Stalker x3  
  121  8:08  Stalker x2  
  121  8:09  Probe, Stalker x2  
  121  8:10  Probe x3  
  131  8:13  Shield Battery  
  131  8:15  Disruptor (Chrono Boost)  
  131  8:16  Shield Battery  
  131  8:17  Pylon  
  127  8:37  Zealot x2  
  128  8:48  Disruptor (Chrono Boost)  
  121  8:49  Probe x4  
  121  8:50  Shield Battery  
  129  8:58  Robotics Facility  
  129  9:01  Probe x4, Pylon  
  133  9:06  Charge  
  133  9:11  Stargate  
  133  9:12  Fleet Beacon  
  133  9:13  Disruptor (Chrono Boost)  
  133  9:15  Gateway  
  133  9:16  Gateway  
  137  9:18  Shield Battery  
  137  9:19  Stalker x6, Pylon  
  137  9:20  Stalker x2  
  139  9:51  Colossus x2 (Chrono Boost)  
  131  9:59  Stalker x2  
  146  10:00  Stalker  
  146  10:06  Stalker x3  
  146  10:07  Stalker x2  
  154  10:11  Protoss Ground Weapons Level 3 (Chrono Boost)  
  154  10:21  Extended Thermal Lance  
  154  10:25  Shield Battery x2  
  154  10:27  Protoss Air Weapons Level 1 (Chrono Boost)  
  154  10:28  Pylon  
  154  10:34  Nexus, Pylon  
  154  10:35  Pylon  
  154  10:36  Pylon  
  154  10:49  Observer  
  148  10:50  Carrier x2 (Chrono Boost)  
  148  10:53  Probe x2  
  148  10:54  Probe x2  
  148  10:55  Assimilator x2  
  164  10:57  Shield Battery  
  164  10:59  Photon Cannon  
  164  11:01  Photon Cannon  
  164  11:03  Zealot x4  
  172  11:08  Pylon  
  172  11:13  Probe x2  
  172  11:14  Probe x2  
  176  11:29  Zealot x2  
  176  11:30  Zealot  
  148  11:42  Colossus x2  
  156  11:52  Stalker x6  
  156  11:53  Pylon  
  154  12:15  Zealot x4  
  160  12:25  Sentry  
  160  12:26  Probe x4  
  162  12:30  Gateway  
  162  12:35  Carrier x2  
  168  12:44  Colossus x2 (Chrono Boost)  
  170  12:54  Templar Archives  
  170  13:00  Zealot  
  166  13:06  Protoss Air Weapons Level 2 (Chrono Boost)  
  166  13:17  Probe  
  166  13:18  Probe x3  
  166  13:19  Probe  
  167  13:20  Psionic Storm  
  167  13:21  Assimilator  
  167  13:22  Assimilator  
  167  13:26  Protoss Shields Level 1 (Chrono Boost)  
  167  13:27  Sentry  
  167  13:31  High Templar x3  
  167  13:32  High Templar  
  177  13:48  Stalker x2  
  177  13:49  Stalker x2  
  185  13:56  Photon Cannon, Pylon  
  185  13:57  Photon Cannon  
  185  13:59  Carrier (Chrono Boost)  
  185  14:00  Carrier (Chrono Boost), Pylon  
  197  14:04  Stalker  
  199  14:12  Photon Cannon  
  199  14:13  Photon Cannon  
  197  14:37  High Templar  
  197  14:38  High Templar  
  198  14:42  Photon Cannon  
  198  14:44  Photon Cannon  
  198  14:46  Shield Battery  
  198  14:48  Shield Battery  
  198  14:50  Photon Cannon  
  198  14:53  Stargate  
  198  14:55  Stargate  
  198  14:58  Nexus  
  198  15:01  Pylon x2  
  198  15:04  Archon, Pylon  
  168  15:08  Probe x3  
  168  15:09  Probe x2  
  173  15:20  Probe x2  
  173  15:21  Probe x3  
  142  15:30  High Templar x3  
  142  15:31  Carrier (Chrono Boost)  
  142  15:33  Protoss Air Weapons Level 3 (Chrono Boost)  
  142  15:34  Zealot x3  
  154  15:39  Carrier (Chrono Boost)  
  154  15:43  High Templar x4  
  154  15:45  High Templar  
  154  15:49  Archon  
  160  16:06  Nexus  
  160  16:08  Pylon  
  160  16:10  Carrier x2 (Chrono Boost)  
  160  16:11  Pylon  
  158  16:18  Cybernetics Core  
  166  16:25  Shield Battery  
  166  16:26  Observer x2 (Chrono Boost)  
  166  16:27  Zealot  
  166  16:29  Shield Battery  
  166  16:30  Photon Cannon  
  168  16:33  Photon Cannon  
  167  16:43  Photon Cannon  
  167  16:45  Photon Cannon  
  167  17:00  High Templar x4  
  167  17:01  Stalker x6  
  177  17:03  Archon, Protoss Air Armor Level 1 (Chrono Boost)  
  177  17:04  Archon  
  187  17:12  Immortal x2 (Chrono Boost)  
  195  17:19  Shield Battery  
  195  17:25  Photon Cannon  
  189  17:44  Immortal  
  187  17:56  Stalker x3  
  183  17:58  Stalker x3  
  183  17:59  Stalker  
  183  18:04  Zealot x4  
  191  18:12  Archon x2  
  159  18:20  Probe x3  
  172  18:46  Archon  
  165  18:48  High Templar x2  
  165  18:49  High Templar x2  
  163  19:09  Zealot  
  165  19:10  Zealot  
Tags
 
Add a new tag
Caveats
  • Supply blocks, unpowered buildings, or Contaminate may cause inaccurate times.
  • Supply counts are checked every 10 seconds.